Map: Dusk Towers

Players

LilDicky

  • Race: Terran Terran
  • League: Diamond

rywar - Winner!

  • Race: Protoss Protoss
  • League: Platinum

VOD

http://www.twitch.tv/tumescentpie

Description

Time

  • Played on: Jan. 2, 2016, 2:05 p.m.
  • Length: 9:01
Show
View Real Time Build Order
Export as new Build Order

LilDicky Terran 

Build Orders: MMM Bio 

Get SALT Encoding   

  12  0:02  SCV  
  13  0:15  SCV  
  13  0:20  Supply Depot  
  14  0:27  SCV  
  15  0:33  Refinery  
  15  0:42  SCV  
  16  0:48  Barracks  
  16  0:54  SCV  
  17  1:12  SCV  
  18  1:24  SCV  
  19  1:36  SCV  
  20  1:43  Marine  
  20  1:47  Supply Depot  
  21  1:49  Orbital Command  
  21  1:53  Factory  
  21  2:00  Marine  
  22  2:14  Barracks  
  22  2:16  Barracks  
  22  2:21  SCV  
  23  2:24  Barracks Reactor  
  23  2:29  Refinery  
  23  2:34  SCV  
  23  2:36  Supply Depot  
  24  2:46  SCV  
  25  2:58  SCV  
  25  3:05  Barracks Tech Lab x2  
  25  3:07  Marine x2  
  27  3:16  Bunker  
  27  3:17  SCV  
  30  3:24  Combat Shields  
  30  3:25  Stimpack, Marine x3  
  32  3:29  SCV  
  33  3:42  Starport  
  33  3:43  Marine x2  
  33  3:45  Marauder  
  33  3:47  Marauder  
  38  3:49  SCV  
  39  3:56  Supply Depot  
  39  4:17  Marine x2, Widow Mine  
  39  4:18  SCV, Marauder  
  46  4:34  Medivac  
  46  4:35  Marauder  
  46  4:36  Supply Depot  
  50  4:39  Marauder  
  50  4:40  Marine x2  
  52  5:15  Marine x2  
  52  5:16  Marauder x2  
  58  5:27  Medivac  
  60  5:32  Marine  
  60  5:33  Marine  
  62  5:40  Marauder  
  63  6:26  SCV, Marine x2  
  63  6:28  Marine  
  63  6:30  Widow Mine  
  63  6:32  Marauder  
  58  6:43  Marine  
  58  6:44  Marine  
  54  6:52  Marine  
  54  6:53  Marauder  
  53  6:57  Liberator  
  53  6:59  Widow Mine  
  54  7:02  Marine, Marauder  
  54  7:10  Marine  
  54  7:11  SCV  
  54  7:14  Marine  
  60  7:20  Marine  
  61  7:23  Marauder  
  61  7:25  Command Center  
  63  7:36  Marine x2  
  63  7:42  Marine  
  62  7:54  Marine  
  63  7:59  Marine  
  63  8:00  Marine  
  63  8:04  Marauder  
  57  8:10  Supply Depot  
  57  8:11  Supply Depot, Marine  
  58  8:17  Marine  
  58  8:18  Marine  
  60  8:25  Marauder  
  62  8:29  Marine  
  63  8:35  Marine  
  63  8:36  Marine  
Show
View Real Time Build Order
Export as new Build Order

rywar Protoss - Winner!

Build Orders: 1 Gate Expand 

Get SALT Encoding   

  12  0:01  Probe (Chrono Boost)  
  13  0:11  Probe (Chrono Boost)  
  14  0:17  Pylon  
  14  0:22  Probe (Chrono Boost)  
  15  0:36  Gateway  
  15  0:38  Probe (Chrono Boost)  
  16  0:45  Assimilator  
  16  0:48  Probe (Chrono Boost)  
  17  0:59  Probe (Chrono Boost)  
  18  1:09  Probe (Chrono Boost)  
  19  1:25  Nexus  
  19  1:28  Probe (Chrono Boost)  
  20  1:37  Cybernetics Core  
  20  1:42  Probe (Chrono Boost)  
  21  1:48  Pylon  
  21  1:52  Probe (Chrono Boost)  
  22  1:56  Assimilator  
  22  2:04  Probe (Chrono Boost)  
  23  2:14  Adept  
  26  2:19  Mothership Core (Chrono Boost)  
  27  2:37  Pylon  
  27  2:38  Probe (Chrono Boost)  
  27  2:39  Probe (Chrono Boost)  
  29  2:47  Adept  
  29  2:48  Probe (Chrono Boost)  
  32  2:57  Forge  
  32  3:01  Pylon  
  32  3:14  Adept (Chrono Boost), Warp Gate (Chrono Boost)  
  34  3:25  Probe  
  34  3:27  Probe  
  36  3:31  Photon Cannon  
  36  3:34  Photon Cannon  
  36  3:36  Probe  
  36  3:39  Probe  
  38  3:45  Pylon  
  38  3:56  Probe  
  38  4:02  Robotics Facility  
  39  4:03  Probe  
  39  4:08  Probe  
  39  4:09  Photon Cannon  
  41  4:13  Probe  
  42  4:20  Sentry, Probe  
  42  4:23  Gateway  
  45  4:26  Probe  
  46  4:37  Probe x2  
  48  4:47  Probe, Pylon  
  48  4:49  Probe  
  50  5:01  Probe  
  51  5:10  Pylon  
  51  5:12  Pylon  
  51  5:14  Probe  
  51  5:15  Probe  
  51  5:17  Observer  
  51  5:20  Sentry  
  56  5:25  Pylon  
  56  5:30  Photon Cannon  
  56  5:34  Probe  
  56  5:35  Probe  
  58  5:47  Sentry  
  60  5:50  Probe  
  60  5:51  Probe  
  60  5:53  Immortal  
  66  6:00  Pylon  
  66  6:01  Gateway  
  66  6:02  Assimilator  
  66  6:04  Pylon  
  66  6:06  Assimilator  
  66  6:08  Pylon  
  64  6:16  Photon Cannon  
  60  6:44  Zealot  
  60  6:45  Zealot  
  59  6:54  Immortal  
  63  7:05  Pylon  
  63  7:08  Pylon  
  62  7:14  Probe  
  62  7:15  Zealot x2  
  65  7:16  Pylon  
  65  7:20  Mothership Core  
  67  7:28  Pylon  
  69  7:48  Stalker  
  75  7:51  Immortal  
  75  7:55  Gateway x2  
  75  7:57  Gateway  
  75  7:59  Gateway  
  74  8:08  Stalker  
  74  8:09  Stalker  
  78  8:14  Photon Cannon  
  78  8:15  Photon Cannon  
  78  8:19  Photon Cannon  
  78  8:20  Pylon  
  78  8:24  Pylon  
  80  8:35  Twilight Council  
  80  8:39  Pylon  
  69  8:49  Stalker x3  
Tags
 
Add a new tag
Caveats
  • Supply blocks, unpowered buildings, or Contaminate may cause inaccurate times.
  • Supply counts are checked every 10 seconds.